 Dungeon Crawl Stone Soup version 0.24.1-14-gf8d2b509d9 (webtiles) character file.

Game seed: 1303175556377828630, levelgen mode: deterministic

6800 Curus the Cleaver (level 10, -2/67 HPs)
             Began as a Demonspawn Gladiator on June 2, 2020.
             Was a Believer of Trog.
             Slain by a wyvern zombie (10 damage)
             ... on level 10 of the Dungeon.
             The game lasted 01:06:47 (7883 turns).

Curus the Cleaver (Demonspawn Gladiator)            Turns: 7883, Time: 01:06:47

Health: -2/67      AC: 18    Str: 20    XL:     10   Next: 76%
Magic:  10/10      EV:  6    Int: 10    God:    Trog [**....]
Gold:   105        SH:  9    Dex: 17    Spells: 9/9 levels left

rFire    . . .     SeeInvis +   B - +2 battleaxe
rCold    + . .     Gourm    .   (shield currently unavailable)
rNeg     . . .     Faith    .   H - +2 plate armour {rC+}
rPois    +         Spirit   .   (helmet restricted)
rElec    .         Reflect  +   C - +2 cloak
rCorr    .         Harm     .   (no gloves)
MR       ++...     Clarity  +   A - +2 pair of boots of the Assassin {Detection Stab+ Stlth++} Stlth ..........Rnd*Tele +
                                m - +3 amulet of reflection
HPRegen  1.21/turn              e - ring of see invisible
MPRegen  0.12/turn              k - ring of poison resistance

@: mighty, regenerating
A: antennae 1, hooves 1, large bone plates 2, blurry vision 1, clarity, powered
by pain 2, teleportitis 1
a: Berserk, Trog's Hand, Renounce Religion


You were on level 10 of the Dungeon.
You worshipped Trog.
Trog was pleased with you.
You were near starving.

You visited 2 branches of the dungeon, and saw 11 of its levels.
You also visited: Sewer.

You collected 781 gold pieces.
You spent 676 gold pieces at shops.

Inventory:

Hand Weapons
 a - a +2 war axe
 q - a +2 war axe of chopping
 B - a +2 battleaxe (weapon)
Armour
 b - a +0 leather armour
 c - a +1 helmet
 d - a +0 buckler
 g - a +0 scale mail
 h - a +0 pair of boots
 n - a +0 chain mail
 A - the +2 pair of boots of the Assassin (worn) {Detection Stab+ Stlth++}
   (You acquired it on level 6 of the Dungeon)

   It makes you much more stealthy.
 C - a +2 cloak (worn)
 G - a +2 plate armour
 H - a +2 plate armour of cold resistance (worn)
Jewellery
 e - a ring of see invisible (left hand)
 i - an uncursed ring of resist corrosion
 k - a ring of poison resistance (right hand)
 m - a +3 amulet of reflection (around neck)
 v - an uncursed ring of ice
 z - a +3 ring of protection
 D - an uncursed ring of ice
Scrolls
 o - 4 scrolls of remove curse
 s - a scroll of fear
 t - 4 scrolls of identify
 u - 8 scrolls of teleportation
 x - 3 scrolls of fog
 y - 2 scrolls of blinking
 F - a scroll of magic mapping
Potions
 j - 4 potions of curing
 l - a potion of resistance
 p - 3 potions of heal wounds
 r - 5 potions of flight
 w - a potion of degeneration
Comestibles
 f - 19 rations


   Skills:
 - Level 2.0 Fighting
 + Level 14.6 Axes
 - Level 1.7 Throwing
 - Level 2.6 Dodging


You had 9 spell levels left.
You didn't know any spells.
Your spell library contained the following spells:

 Spells                   Type           Power        Failure   Level  Hunger
 Corona                   Hex            #......      100%        1    ##.....
 Ensorcelled Hibernation  Hex/Ice        #.....       100%        2    ###....
 Confuse                  Hex            #.......     100%        3    ####...
 Dazzling Spray           Conj/Hex       #.....       100%        3    ####...
 Tukima's Dance           Hex            #.......     100%        3    ####...


Dungeon Overview and Level Annotations

Branches:
Dungeon (10/15)            Temple (1/1) D:5           Sewer (visited)
   Lair: D:8-11         Orc: D:9-12

Altars:
Ashenzari
Cheibriados
Dithmenos
Elyvilon
Fedhas
Gozag
Hepliaklqana
Kikubaaqudgha
Makhleb
Nemelex Xobeh
Okawaru
Qazlal
Ru
Sif Muna
Trog
Uskayaw
Vehumet
Wu Jian
Xom
Yredelemnul
Zin
The Shining One

Shops:
D:4 *


Innate Abilities, Weirdness & Mutations

You have large cloven feet.
You are mostly covered in large bone plates. (SH +6)
You sometimes gain power by taking damage.
You have a pair of small antennae on your head.
Scrolls take you a little longer to read.
You possess an exceptional clarity of mind.
You are occasionally teleported next to monsters.


Message History

You hit the wyvern zombie. Erolcha gestures at you while chanting.
The bolt of cold hits you! You resist.
You focus on the pain.
You feel very mighty all of a sudden.
The wyvern zombie bites you but does no damage.
Erolcha casts a spell at you. The crystal spear hits you!!
* * * LOW HITPOINT WARNING * * *
You aren't carrying any items that you can evoke.
Okay, then.
Unknown command.
You feel much better. You block the wyvern zombie's attack.
Erolcha hits you with a +0 giant club!
* * * LOW HITPOINT WARNING * * *
You slash Erolcha!
You kill Erolcha!
Trog accepts your kill.
Trog appreciates your killing of a magic user.
You slash the wyvern zombie! The wyvern zombie bites you!
You die...

#. .#
.## .#
###...
.###
>....
...
#.#.#..
#.....
#.%)Z#
#..)@#
#....#
#[.).#
#...$#
#?...}
##...#
?...#
##.#..


You could see a wyvern zombie.

Vanquished Creatures
  Erolcha (D:10)
  Pikel (D:6)
  Maurice (D:8)
  Joseph (D:8)
  A centaur zombie (D:8)
  Psyche (D:9)
  A hornet (D:7)
  Prince Ribbit (D:7)
  A hippogriff (D:7)
  6 orc warriors
  2 ice beasts (D:7)
  A phantom (D:7)
  A black bear (D:7)
  A necrophage (D:9)
  2 centaurs (D:8)
  7 ogres
  A big kobold (Sewer)
  A wyvern zombie (D:9)
  A bullfrog (D:8)
  5 scorpions
  7 wights
  A howler monkey (D:7)
  A bullfrog zombie (D:8)
  5 crimson imps
  A jelly (D:7)
  5 orc priests
  2 bullfrog skeletons (D:5)
  9 orc wizards
  2 iguanas
  10 worker ants
  2 hound skeletons
  A howler monkey zombie (D:8)
  A gnoll (D:1)
  A howler monkey skeleton (D:7)
  9 adders
  A river rat (Sewer)
  A shadow imp (D:5)
  An ooze (D:3)
  An adder skeleton (D:5)
  2 worms (D:3)
  A dart slug (D:4)
  6 leopard geckos
  28 orcs
  9 giant cockroaches
  A goblin (D:3)
  10 hobgoblins
  4 jackals
  14 kobolds
  6 quokkas
  3 ball pythons
  7 bats
  3 frilled lizards
  A giant cockroach zombie (D:6)
  A quokka skeleton (D:5)
  7 rats
201 creatures vanquished.

Vanquished Creatures (others)
  A centaur (D:5)
  An adder zombie (D:6)
2 creatures vanquished.

Grand Total: 203 creatures vanquished

Notes
Turn   | Place    | Note
-------+----------+-------------------------------------------
     0 | D:1      | Curus the Demonspawn Gladiator began the quest for the Orb.
     0 | D:1      | Reached XP level 1. HP: 16/16 MP: 1/1
   151 | D:1      | Reached skill level 3 in Axes
   220 | D:1      | Gained mutation: You are partially covered in large bone
                  | plates. (SH +4) [demonic ancestry]
   220 | D:1      | Reached XP level 2. HP: 22/22 MP: 2/2
   445 | D:1      | Gained mutation: You passively map a small area around you.
                  | [potion of mutation]
   445 | D:1      | Gained mutation: You are occasionally teleported next to
                  | monsters. [potion of mutation]
   445 | D:1      | Gained mutation: You possess an exceptional clarity of
                  | mind. [potion of mutation]
   445 | D:1      | Gained mutation: You have supernaturally acute eyesight.
                  | (SInv) [potion of mutation]
   800 | D:2      | Reached XP level 3. HP: 27/27 MP: 3/3
   814 | D:2      | Reached skill level 4 in Axes
  1135 | D:2      | Found an opulent altar of Gozag.
  1348 | D:3      | Gained mutation: You have large cloven feet. [demonic
                  | ancestry]
  1348 | D:3      | Reached XP level 4. HP: 30/33 MP: 4/4
  1427 | D:3      | Found a glowing drain.
  1453 | Sewer    | Entered a sewer
  1509 | Sewer    | Noticed a big kobold
  1525 | Sewer    | Killed a big kobold
  1525 | Sewer    | Reached skill level 5 in Axes
  1525 | Sewer    | Reached XP level 5. HP: 38/38 MP: 5/5
  1540 | Sewer    | Found a white marble altar of Elyvilon.
  2049 | D:3      | Reached skill level 6 in Axes
  2249 | D:4      | Found Duapnag's Assorted Antiques.
  2290 | D:4      | Gained mutation: You are mostly covered in large bone
                  | plates. (SH +6) [demonic ancestry]
  2290 | D:4      | Reached XP level 6. HP: 39/44 MP: 6/6
  2677 | D:5      | Entered Level 5 of the Dungeon
  2768 | D:5      | Found a staircase to the Ecumenical Temple.
  2770 | D:5      | Reached skill level 7 in Axes
  2816 | D:5      | Lost mutation: You passively map a small area around you.
                  | [potion of mutation]
  2816 | D:5      | Lost mutation: You have supernaturally acute eyesight.
                  | (SInv) [potion of mutation]
  2816 | D:5      | Gained mutation: Scrolls take you a little longer to read.
                  | [potion of mutation]
  2816 | D:5      | Gained mutation: You have a pair of small antennae on your
                  | head. [potion of mutation]
  2818 | Temple   | Entered the Ecumenical Temple
  2980 | Temple   | Became a worshipper of Trog the Wrathful
  3127 | D:5      | Found an ancient bone altar of Kikubaaqudgha.
  3214 | D:5      | Reached XP level 7. HP: 23/50 MP: 7/7
  3445 | D:5      | Reached skill level 8 in Axes
  3512 | D:6      | Identified a scroll of acquirement
  3512 | D:6      | Found the +2 pair of boots of the Assassin {Detection Stab+
                  | Stlth++}
  3592 | D:6      | Reached skill level 9 in Axes
  3592 | D:6      | Reached XP level 8. HP: 20/56 MP: 8/8
  3708 | D:6      | Reached * piety under Trog
  3906 | D:6      | Noticed Pikel
  3914 | D:6      | Killed Pikel
  3914 | D:6      | Reached skill level 10 in Axes
  4094 | D:6      | Found a shattered altar of Ashenzari.
  4187 | D:7      | Noticed a hippogriff
  4199 | D:7      | Killed a hippogriff
  4250 | D:7      | Noticed Prince Ribbit
  4262 | D:7      | Reached skill level 11 in Axes
  4262 | D:7      | Gained mutation: You sometimes gain a little power by
                  | taking damage. [demonic ancestry]
  4262 | D:7      | Reached XP level 9. HP: 39/61 MP: 9/9
  4283 | D:7      | Killed Prince Ribbit
  4699 | D:7      | Paralysed by a hornet for 1 turns
  4703 | D:7      | Reached skill level 12 in Axes
  5399 | D:7      | Reached ** piety under Trog
  5898 | D:8      | Reached skill level 13 in Axes
  5898 | D:8      | Gained mutation: You sometimes gain power by taking damage.
                  | [demonic ancestry]
  5898 | D:8      | Reached XP level 10. HP: 59/67 MP: 10/10
  5918 | D:8      | Noticed Maurice
  5930 | D:8      | Paralysed by Maurice for 3 turns
  5956 | D:8      | Paralysed by something for 7 turns
  5966 | D:8      | Paralysed by something for 5 turns
  6352 | D:8      | Noticed Joseph
  6367 | D:8      | Killed Joseph
  6543 | D:8      | Killed Maurice
  7111 | D:9      | Found a glowing golden altar of the Shining One.
  7111 | D:9      | Found an iron altar of Okawaru.
  7149 | D:9      | Reached skill level 14 in Axes
  7362 | D:9      | Noticed Psyche
  7377 | D:9      | Killed Psyche
  7775 | D:4      | Bought a shiny plate armour for 676 gold pieces
  7869 | D:10     | Entered Level 10 of the Dungeon
  7872 | D:10     | Noticed Erolcha
  7883 | D:10     | Killed Erolcha
  7883 | D:10     | Slain by a wyvern zombie

Levels and vault maps discovered:
D:1:      shiori_shiawase, layout_basic, minmay_unequal
D:2:      layout_basic, first_ration,
          nicolae_gozag_cash_rules_everything_around_me
D:3:      layout_loops_ring, gup_sewer_entry_pipe
D:4:      layout_rooms, serial_shops, nicolae_shop_overgrown_old_shop
D:5:      layout_rooms, kiku_gazebo_garden_becter, minmay_temple_entry_tees
D:6:      layout_rooms, lemuel_round_altar, bh_chokoban, uniq_pikel
D:7:      minmay_razor_zed, layout_basic, grunt_ogre_cave, uniq_prince_ribbit1
D:8:      layout_gridville, uniq_maurice, uniq_joseph
D:9:      layout_small_grid, gammafunk_temple_overflow_wave, uniq_psyche
D:10:     layout_loops_ring, uniq_erolcha
Temple:   dpeg_five_rooms_temple

Skill      XL: |  1  2  3  4  5  6  7  8  9 10 |
---------------+-------------------------------+-----
Axes           | 3 4 5 6 7 9 11 13 14 | 14.6
Fighting       | |  2.0
Throwing       | |  1.7
Dodging        | |  2.6

Action                   |  1- 3 |  4- 6 |  7- 9 | 10-12 || total
-------------------------+-------+-------+-------+-------++-------
Melee: War axe           |    85 |   218 |    26 |       ||   329
       Battleaxe         |       |       |   199 |   229 ||   428
Throw: Throwing net      |       |     1 |       |       ||     1
Invok: Berserk           |       |       |     6 |     2 ||     8
       Trog's Hand       |       |       |       |     1 ||     1
Evoke: Wand              |       |       |     2 |     3 ||     5
  Use: Scroll            |     7 |     4 |     3 |     5 ||    19
       Potion            |     3 |     5 |     4 |     3 ||    15
 Stab: Sleeping          |     1 |       |       |       ||     1
       Confused          |       |       |     1 |       ||     1
  Eat: Chunk             |     1 |     6 |     9 |     6 ||    22
       Ration            |       |       |     2 |       ||     2
Armor: Leather armour    |     8 |       |       |       ||     8
       Scale mail        |    12 |       |       |       ||    12
       Chain mail        |       |   108 |    74 |       ||   182
       Plate armour      |       |       |    12 |   109 ||   121
Dodge: Dodged            |    35 |    43 |    69 |    34 ||   181
Block: Buckler           |    25 |   117 |    12 |       ||   154
       Reflection        |       |     4 |     2 |     5 ||    11
       Other             |       |       |    78 |    86 ||   164
